Map: Tours du crépuscule

Players

Worming - Winner!

  • Race: Zerg Zerg
  • League: Diamond

Matguette

  • Race: Protoss Protoss

VOD

Have the link to the VOD?

Description

Time

  • Played on: June 24, 2016, 6:14 a.m.
  • Length: 14:30
Show
View Real Time Build Order
Export as new Build Order

Worming Zerg - Winner!

Build Orders: Hatch First, Lurkers 

Get SALT Encoding   

  12  0:01  Drone  
  13  0:13  Overlord  
  13  0:17  Drone  
  14  0:31  Drone x2  
  16  0:36  Drone  
  17  0:53  Hatchery  
  16  0:57  Drone  
  16  1:02  Drone, Extractor  
  17  1:17  Spawning Pool  
  17  1:18  Drone  
  17  1:29  Drone  
  17  1:30  Drone  
  19  1:43  Drone  
  20  1:55  Overlord  
  20  2:05  Queen x2  
  24  2:14  Metabolic Boost  
  24  2:16  Drone x2  
  24  2:19  Zergling x2  
  24  2:20  Zergling x2  
  28  2:24  Drone  
  29  2:46  Drone x2  
  31  3:02  Drone x5, Hatchery  
  35  3:11  Overlord  
  35  3:17  Overlord  
  35  3:18  Drone  
  36  3:30  Drone  
  36  3:31  Drone x5  
  42  3:43  Roach Warren  
  42  3:47  Spine Crawler  
  40  3:57  Overlord x2  
  40  3:58  Overlord  
  40  4:05  Queen  
  40  4:06  Queen  
  44  4:14  Zergling x6  
  47  4:21  Spore Crawler  
  47  4:22  Spore Crawler  
  45  4:24  Queen  
  45  4:31  Extractor  
  46  4:32  Evolution Chamber  
  46  4:34  Evolution Chamber  
  46  4:38  Spore Crawler  
  43  4:41  Queen, Drone x3  
  43  4:45  Drone x7  
  55  4:48  Drone, Extractor x2  
  53  5:07  Drone x8  
  60  5:11  Zerg Missile Weapons Level 1  
  61  5:16  Zerg Ground Armor Level 1  
  61  5:28  Drone x2  
  63  5:30  Drone x5  
  68  5:39  Lair  
  68  5:55  Drone x6  
  74  5:58  Extractor  
  74  5:59  Hatchery, Extractor  
  71  6:12  Overlord  
  71  6:13  Overlord x3  
  71  6:14  Pneumatized Carapace  
  71  6:40  Glial Reconstitution  
  71  6:41  Overlord x2  
  71  6:42  Overlord  
  71  6:43  Roach x9, Hydralisk Den  
  88  6:51  Drone x7  
  94  7:09  Drone x5  
  94  7:12  Lurker Den  
  97  7:23  Hydralisk  
  97  7:24  Hydralisk x6  
  111  7:33  Hydralisk x4  
  119  7:59  Zerg Missile Weapons Level 2, Zerg Ground Armor Level 2  
  119  8:03  Infestation Pit, Roach x3  
  119  8:04  Overlord x3  
  124  8:11  Hydralisk x4  
  124  8:12  Roach x2  
  136  8:16  Overlord x3  
  136  8:22  Hydralisk x3  
  136  8:34  Drone x8  
  144  8:43  Lurker  
  144  8:44  Lurker x8  
  144  8:48  Hydralisk x5  
  150  8:51  Hatchery  
  150  8:53  Extractor  
  150  8:55  Spine Crawler  
  157  9:05  Hive, Muscular Augments  
  157  9:06  Zergling x2  
  157  9:07  Zergling x12  
  164  9:11  Overlord  
  164  9:12  Overlord  
  154  9:48  Roach x3  
  154  9:49  Zergling x16, Roach x12  
  166  10:07  Spire  
  166  10:08  Spire  
  166  10:12  Overlord x2  
  160  10:32  Zerg Missile Weapons Level 3, Zerg Ground Armor Level 3  
  160  10:46  Overseer  
  160  10:47  Overlord, Overseer  
  160  10:48  Overlord x2  
  144  11:17  Hydralisk x2  
  144  11:18  Corruptor, Hydralisk x3  
  135  11:19  Corruptor x5  
  135  11:20  Zergling x28  
  135  11:22  Drone x5  
  160  11:47  Drone x3  
  160  11:50  Extractor  
  160  11:53  Corruptor x5  
  160  11:54  Zergling x14  
  173  12:01  Drone, Extractor  
  173  12:04  Extractor  
  170  12:15  Zerg Flyer Armor Level 1, Zerg Flyer Weapons Level 1  
  170  12:17  Zergling x20  
  179  12:40  Viper x3  
  179  12:42  Zergling x2  
  179  12:43  Zergling x20  
  197  13:07  Ultralisk Cavern  
  197  13:08  Zergling x6  
  170  13:57  Corruptor, Hydralisk x5  
  170  13:58  Corruptor x9  
Show
View Real Time Build Order
Export as new Build Order

Matguette Protoss 

Build Orders: 1 Gate Expand, Oracle Opening, Zealot Archon 

Get SALT Encoding   

  12  0:01  Probe (Chrono Boost)  
  13  0:12  Probe (Chrono Boost)  
  14  0:17  Pylon  
  14  0:22  Probe (Chrono Boost)  
  15  0:36  Probe (Chrono Boost)  
  15  0:40  Gateway  
  16  0:46  Probe (Chrono Boost)  
  18  0:57  Probe (Chrono Boost)  
  18  1:15  Nexus  
  18  1:26  Assimilator  
  18  1:30  Cybernetics Core  
  18  1:33  Probe (Chrono Boost)  
  19  1:42  Assimilator  
  19  1:43  Probe (Chrono Boost)  
  21  1:54  Probe (Chrono Boost), Pylon  
  21  2:04  Probe (Chrono Boost)  
  22  2:12  Adept  
  22  2:15  Probe (Chrono Boost)  
  25  2:17  Warp Gate (Chrono Boost)  
  25  2:26  Probe  
  26  2:30  Probe  
  26  2:31  Assimilator  
  27  2:38  Probe  
  27  2:39  Zealot  
  27  2:44  Stargate  
  30  2:45  Probe  
  31  2:55  Pylon  
  31  2:57  Probe  
  30  2:58  Probe  
  32  3:07  Mothership Core, Stalker  
  32  3:10  Probe  
  37  3:22  Probe  
  37  3:26  Probe, Pylon  
  39  3:34  Oracle  
  39  3:39  Probe  
  39  3:40  Probe  
  44  3:45  Pylon  
  44  3:49  Probe  
  44  3:52  Probe  
  46  4:00  Probe  
  47  4:10  Probe  
  47  4:16  Phoenix  
  50  4:17  Nexus, Probe  
  50  4:19  Pylon  
  50  4:20  Sentry  
  50  4:23  Probe  
  54  4:27  Probe  
  55  4:33  Assimilator  
  55  4:35  Probe  
  56  4:39  Probe  
  57  4:47  Probe  
  57  4:50  Probe  
  59  4:57  Adept  
  59  4:58  Phoenix  
  59  4:59  Probe  
  64  5:08  Probe  
  64  5:09  Gateway  
  64  5:10  Gateway  
  64  5:11  Probe  
  66  5:14  Gateway  
  66  5:21  Probe  
  66  5:23  Probe, Pylon  
  66  5:24  Twilight Council, Pylon  
  66  5:27  Pylon  
  68  5:31  Probe  
  68  5:32  Phoenix  
  68  5:35  Probe  
  71  5:36  Probe  
  71  5:42  Probe  
  74  5:50  Probe  
  74  5:51  Probe  
  76  5:57  Phoenix  
  76  6:00  Probe x2  
  76  6:03  Probe  
  81  6:08  Adept  
  81  6:10  Resonating Glaives  
  83  6:15  Templar Archives  
  83  6:16  Probe x2  
  83  6:17  Probe  
  86  6:20  Forge x2  
  86  6:22  Adept, Phoenix  
  86  6:23  Adept  
  92  6:27  Probe  
  92  6:30  Probe  
  92  6:32  Probe, Assimilator  
  94  6:33  Adept x2  
  94  6:36  Assimilator  
  94  6:37  Probe  
  100  6:44  Adept x2, Robotics Facility  
  104  6:48  Probe  
  104  6:53  Protoss Ground Weapons Level 1, Protoss Ground Armor Level 1  
  105  6:54  High Templar x2  
  105  6:58  Archon  
  109  7:08  Gateway  
  109  7:10  Gateway  
  109  7:11  Gateway  
  109  7:20  Nexus  
  109  7:23  Stargate, Pylon  
  109  7:26  Stargate  
  108  7:34  Pylon x2  
  106  7:51  Adept  
  106  7:52  Adept x3  
  114  8:02  Probe  
  114  8:03  Stargate  
  114  8:04  Fleet Beacon  
  115  8:07  Probe  
  115  8:08  Probe  
  115  8:12  Psionic Storm  
  117  8:14  High Templar  
  117  8:15  High Templar, Pylon x2  
  117  8:18  Charge (Chrono Boost), Pylon  
  121  8:20  Zealot x4  
  121  8:21  Zealot  
  121  8:24  Probe  
  121  8:25  Probe  
  133  8:30  Probe  
  133  8:32  Observer  
  135  8:37  Probe  
  136  8:44  Zealot  
  136  8:45  Zealot x4  
  136  8:48  Protoss Ground Weapons Level 2, Protoss Ground Armor Level 2  
  146  8:54  Probe, Tempest  
  146  8:55  Probe x2  
  150  8:56  Probe  
  150  9:00  Assimilator  
  154  9:05  Assimilator  
  154  9:09  High Templar  
  156  9:10  Zealot x4  
  156  9:13  Probe x2  
  156  9:15  Probe  
  167  9:23  Observer  
  162  9:28  Zealot x2  
  138  9:48  Archon  
  138  9:51  Zealot x6  
  138  9:52  Zealot  
  115  9:57  Tempest x4  
  101  10:12  Zealot x2  
  101  10:13  Zealot x5  
  105  10:33  High Templar x2  
  105  10:34  Zealot  
  105  10:35  Zealot x4  
  119  10:58  Tempest  
  119  10:59  Tempest x2  
  121  11:13  Zealot x5  
  121  11:14  Zealot x2  
  103  11:31  Tempest  
  107  11:35  Sentry x3, Zealot x2  
  117  11:43  Tempest  
  119  11:57  Nexus  
  119  12:14  Pylon  
  119  12:15  Nexus, Pylon  
  118  12:16  Pylon  
  118  12:21  Sentry x3  
  118  12:26  Protoss Shields Level 1  
  118  12:34  High Templar  
  120  12:44  Tempest  
  123  13:01  High Templar, Zealot x2  
  129  13:06  Gateway x2  
  129  13:13  High Templar  
  131  13:20  Tempest  
  131  13:26  Zealot  
  137  13:33  High Templar  
  139  13:42  High Templar  
  123  13:56  High Templar  
  105  14:15  Zealot x2  
  105  14:16  Zealot x3  
Tags
 
Add a new tag
Caveats
  • Supply blocks, unpowered buildings, or Contaminate may cause inaccurate times.
  • Supply counts are checked every 10 seconds.